 Dungeon Crawl Stone Soup version 0.18.1-48-g4cf74bf (webtiles) character file.

52 mindo the Magician (level 3, 0/19 HPs)
             Began as a Deep Elf Wizard on July 12, 2016.
             Slain by a gnoll
             ... wielding a +0 spear of piercing
              (6 damage)
             ... on level 3 of the Dungeon.
             The game lasted 00:12:20 (2411 turns).

mindo the Magician (Deep Elf Wizard)                Turns: 2411, Time: 00:12:21

Health: 0/19       AC:  4    Str:  4    XL:     3   Next: 60%
Magic:  1/12       EV: 12    Int: 23    God:
Gold:   104        SH:  0    Dex: 13    Spells: 4 memorised, 5 levels left

rFire  + . .     SeeInvis .     h - +2 whip (elec)
rCold  . . .     Gourm    .     e - +2 robe {rF+}
rNeg   . . .     Faith    .     (no shield)
rPois  .         Spirit   .     b - +0 hat
rElec  .         Dismiss  .     (no cloak)
rCorr  .         Reflect  .     (no gloves)
SustAt .         Harm     .     (no boots)
MR     .....                    (no amulet)
Stlth  ++........               (no ring)
                                (no ring)

@: very slightly contaminated, not resistant to hostile enchantments, unstealthy
A: no striking features
a: no special abilities


You were on level 3 of the Dungeon.
You were not hungry.

You visited 1 branch of the dungeon, and saw 3 of its levels.

You collected 104 gold pieces.

Inventory:

Hand Weapons
 h - a +2 whip of electrocution (weapon)
Armour
 a - a +0 robe
 b - a +0 hat (worn)
 e - a +2 robe of fire resistance (worn)
Scrolls
 d - a scroll of identify {unknown}
 j - 3 scrolls of recharging {unknown}
 k - a scroll of fog {unknown}
 m - a scroll of enchant armour {unknown}
Potions
 f - 2 potions of cure mutation {unknown}
 i - a potion of ambrosia {unknown}
 l - 2 potions of curing {unknown}
Books
 c - a book of Minor Magic

   Spells                             Type                      Level
   a - Magic Dart                     Conjuration                  1
   b - Blink                          Translocation                2
   c - Call Imp                       Summoning                    2
   d - Repel Missiles                 Charms/Air                   2
   e - Slow                           Hexes                        2
   f - Conjure Flame                  Conjuration/Fire             3
   g - Mephitic Cloud                 Conjuration/Poison/Air       3
Comestibles
 g - a bread ration


   Skills:
 - Level 2.4 Dodging
 - Level 2.4 Stealth
 * Level 5.7 Spellcasting
 * Level 2.5 Conjurations
 - Level 1.1 Summonings
 - Level 1.1 Translocations


You had 5 spell levels left.
You knew the following spells:

 Your Spells              Type           Power        Failure   Level  Hunger
a - Magic Dart            Conj           ###.         3%          1    None
b - Blink                 Tloc           N/A          10%         2    None
c - Call Imp              Summ           ##......     10%         2    None
d - Conjure Flame         Conj/Fire      ##......     17%         3    #......


Dungeon Overview and Level Annotations

Branches:
Dungeon (3/15)

Altars:
Pakellas


Message History

Your white imp completely misses the gnoll.
The gnoll misses your crimson imp. Something hits your crimson imp.
Your crimson imp blinks!
The gnoll hits your crimson imp.
Your crimson imp barely misses the gnoll.
Casting: Call Imp
Confirm with . or Enter, or press ? or * to list all spells.
You miscast Call Imp.
You are very lightly contaminated with residual magic.
You feel a strange surge of energy!
Your crimson imp hits the gnoll.
The gnoll barely misses your crimson imp.
Your white imp barely misses the gnoll.
Your crimson imp hits the gnoll.
The gnoll barely misses your crimson imp.
The gnoll completely misses your crimson imp.
Your white imp barely misses the gnoll.
Your crimson imp blinks!
The gnoll misses your white imp.
The gnoll hits you from afar with a spear of piercing.
You die...

# .# ..# .
#####.# ...
##@....#
.....##5g#g..##
#...g#.....##
#.....##..<....#
####.. #(.5$...#
## ...)....#
###.[...##
.....# ......#


You could see 3 gnolls, a friendly crimson imp and a friendly white imp.

Vanquished Creatures
  2 dart slugs (D:1)
  2 bats (D:2)
  A giant cockroach (D:1)
  A goblin (D:1)
  4 hobgoblins (D:1)
  A giant newt (D:1)
  3 kobolds (D:1)
  4 rats
18 creatures vanquished.

Vanquished Creatures (collateral kills)
  3 adders (D:2)
  3 worms (D:2)
  A giant gecko (D:2)
  An orc (D:3)
  A goblin (D:1)
  2 hobgoblins (D:2)
  A kobold (D:2)
  A giant newt (D:2)
  A rat (D:2)
14 creatures vanquished.

Grand Total: 32 creatures vanquished

Notes
Turn   | Place    | Note
--------------------------------------------------------------
     0 | D:1      | mindo the Deep Elf Wizard began the quest for the Orb.
     0 | D:1      | Reached XP level 1. HP: 10/10 MP: 7/7
   266 | D:1      | Reached XP level 2. HP: 15/15 MP: 2/9
   300 | D:1      | Learned a level 2 spell: Blink
   303 | D:1      | Learned a level 2 spell: Call Imp
   518 | D:1      | Reached skill level 5 in Spellcasting
  1335 | D:2      | Reached XP level 3. HP: 17/19 MP: 7/11
  1340 | D:2      | Learned a level 3 spell: Conjure Flame
  2270 | D:2      | Found an oddly glowing altar of Pakellas.
  2411 | D:3      | Slain by a gnoll

Skill      XL: |  1  2 |
---------------+-------+-----
Spellcasting   | 5 |  5.7
Conjurations   | 2 |  2.5
Dodging        | |  2.4
Stealth        | |  2.4
Summonings     | |  1.1
Translocations | |  1.1

Action                   || total
-------------------------++-------
Melee: Whip              ||    14
 Cast: Magic Dart        ||    34
       Call Imp          ||    36
  Eat: Fruit             ||     1
       Bread ration      ||     1
Armor: Robe              ||    15
Dodge: Dodged            ||    17
